 Dungeon Crawl Stone Soup version 0.29.1-2-gbd0b4ee654 (webtiles) character file.

Game seed: 11874841965654107541

4 alignant the Poker (level 1, -1/20 HPs)
             Began as a Minotaur Berserker on Oct 27, 2022.
             Was a Follower of Trog.
             Slain by a quokka (2 damage)
             ... on level 1 of the Dungeon.
             The game lasted 00:00:57 (89 turns).

alignant the Poker (Minotaur Berserker)               Turns: 89, Time: 00:00:58

Health: -1/20      AC:  2    Str: 21    XL:     1   Next: 58%
Magic:  0/0        EV: 12    Int:  4    God:    Trog [*.....]
Gold:   31         SH:  0    Dex:  9    Spells: 0/0 levels left

rFire   . . .      SeeInvis .   a - +0 spear
rCold   . . .      Faith    .   (no shield)
rNeg    . . .      Spirit   .   b - +0 animal skin
rPois   .          Reflect  .   (helmet restricted)
rElec   .          Harm     .   (no cloak)
rCorr   .          Rampage  .   (no gloves)
Will    .....                   (no boots)
Stlth   +.........              (no amulet)
HPRegen 0.06/turn               (no ring)
MPRegen 0.07/turn               (no ring)

@: no status effects
A: horns 2, retaliatory headbutt
a: Renounce Religion, Berserk


You were on level 1 of the Dungeon.
You worshipped Trog.
Trog was aware of your devotion.
You visited 1 branch of the dungeon, and saw 1 of its levels.

You collected 31 gold pieces.

Inventory:

Hand Weapons
 a - a +0 spear (weapon)
Armour
 b - a +0 animal skin (worn)
Scrolls
 c - a scroll of fog {unknown}


   Skills:
 + Level 3.8 Fighting
 + Level 3.8 Polearms
 + Level 2.4 Armour
 + Level 2.2 Dodging


You couldn't memorise any spells.
You didn't know any spells.
Your spell library was empty.

Dungeon Overview and Level Annotations

Branches:
Dungeon (1/15)

Altars:


Innate Abilities, Weirdness & Mutations

You have a pair of horns on your head.
You reflexively headbutt those who attack you in melee.


Message History

You closely miss the frilled lizard.
Your headbutt misses the frilled lizard.
The frilled lizard misses you. You furiously retaliate!
You headbutt the frilled lizard.
You kill the frilled lizard!
Trog accepts your kill.
c - a scroll labelled VUNTIO EPOSAY
Found a dagger.
A frilled lizard comes into view.
The frilled lizard hisses angrily.
A rat comes into view.
A quokka comes into view.
There are monsters nearby!
Found 6 gold pieces.
The frilled lizard bites you.
You miss the frilled lizard. The frilled lizard misses you.
You hit the quokka but do no damage. Your headbutt misses the quokka.
The frilled lizard bites you. The quokka barely misses you.
You hit the quokka but do no damage. The frilled lizard bites you.
The quokka closely misses you.
The frilled lizard attacks as you move away!
The frilled lizard bites you. The quokka bites you. The rat bites you.
The rat attacks as you move away! The rat closely misses you.
You closely miss the quokka. The quokka completely misses you.
The quokka attacks as you move away! The quokka bites you.
* * * LOW HITPOINT WARNING * * *
The frilled lizard attacks as you move away!
The frilled lizard bites you but does no damage.
The quokka closely misses you. The quokka attacks as you move away!
The quokka bites you.
* * * LOW HITPOINT WARNING * * *
You hit the frilled lizard.
You kill the frilled lizard!
Trog accepts your kill.
You hit the quokka but do no damage. Your headbutt misses the quokka.
The quokka closely misses you.
You miss the quokka. The quokka bites you.
* * * LOW HITPOINT WARNING * * *
You miss the quokka. The quokka bites you.
You die...

#........# #.$......#
#........# #........#
#### #........# #..#
#####
#........####..###....
#........#rr@......######
...........###..........#
...######..# #..........#
##.# #..........#
#..##......)...#
##.##..........#
#.#......######
#......#####
####...#.....#


You could see a quokka and a rat.

Vanquished Creatures
  A ball python (D:1)
  2 bats (D:1)
  2 frilled lizards (D:1)
5 creatures vanquished.

Notes
Turn   | Place    | Note
-------+----------+-------------------------------------------
     0 | D:1      | alignant the Minotaur Berserker began the quest for the
                  | Orb.
     0 | D:1      | Reached XP level 1. HP: 19/19 MP: 0/0
    88 | D:1      | HP: 1/20 [quokka (2)]
    89 | D:1      | Slain by a quokka

Illustrated notes

Levels and vault maps discovered:
D:1:      saegor_arrival_simple_c, layout_rooms

Action                   || total
-------------------------++-------
Melee: Spear             ||    13
Armor: Animal skin       ||     2
Dodge: Dodged            ||    13
